 Dungeon Crawl Stone Soup version 0.25-a0-283-ge7e91ba8d0 (webtiles) character file.

Game seed: 10803817440266330044, levelgen mode: deterministic

37 DerDa the Magician (level 3, -3/24 HPs)
             Began as a Mummy Wizard on Dec 11, 2019.
             Slain by an adder (4 damage)
             ... on level 1 of the Dungeon.
             The game lasted 00:05:28 (1482 turns).

DerDa the Magician (Mummy Wizard)                   Turns: 1482, Time: 00:05:29

Health: -3/24      AC:  2    Str: 10    XL:     3   Next: 23%
Magic:  2/9        EV: 12    Int: 18    God:
Gold:   35         SH:  0    Dex: 10    Spells: 1/12 levels left

rFire    x . .     SeeInvis .   f - +0 mace
rCold    + . .     Gourm    .   (no shield)
rNeg     + + +     Faith    .   a - +0 robe
rPois    ∞         Spirit   .   b - +0 hat
rElec    .         Reflect  .   (no cloak)
rCorr    .         Harm     .   (no gloves)
MR       .....                  (no boots)
Stlth    ++........             (no amulet)
HPRegen  0.08/turn              (no ring)
MPRegen  0.11/turn              (no ring)

@: about to teleport
A: no food or potions, fire vulnerability, cold resistance 1, negative energy
resistance 3, torment resistance, unbreathing
a: no special abilities


You were on level 1 of the Dungeon.
You were not hungry.

You visited 1 branch of the dungeon, and saw 2 of its levels.

You collected 35 gold pieces.

Inventory:

Hand Weapons
 f - a +0 mace (weapon)
Missiles
 g - 104 stones (quivered)
Armour
 a - a +0 robe (worn)
 b - a +0 hat (worn)
Wands
 j - a wand of digging (5)
Scrolls
 d - a scroll of enchant weapon


   Skills:
 - Level 1.5 Dodging
 - Level 1.5 Stealth
 * Level 5.3 Spellcasting
 * Level 1.2 Conjurations
 - Level 0.7 Summonings
 - Level 0.7 Translocations


You had one spell level left.
You knew the following spells:

 Your Spells              Type           Power        Failure   Level  Hunger
a - Magic Dart            Conj           #...         8%          1    N/A
b - Conjure Flame         Conj/Fire      #.......     30%         3    N/A
c - Mephitic Cloud        Conj/Pois/Air  #.......     32%         3    N/A
d - Call Imp              Summ           #.......     14%         2    N/A
q - Blink                 Tloc           N/A          14%         2    N/A

Your spell library contained the following spells:

 Spells                   Type           Power        Failure   Level  Hunger
 Slow                     Hex            #.......     19%         2    N/A

Dungeon Overview and Level Annotations

Branches:
Dungeon (2/15)

Altars:
Makhleb

Annotations:
D:1 exclusion: gnoll
D:2 Robin


Innate Abilities, Weirdness & Mutations

You do not eat or drink.
Your flesh is vulnerable to fire.
You are immune to poison.
Your flesh is cold resistant. (rC+)
You are immune to negative energy. (rN+++)
You are immune to unholy pain and torment.
You can survive without breathing.


Message History

It is a scroll of identify.
d - a scroll of enchant weapon The adder closely misses you.
The goblin closely misses you.
As you read the scroll labeled GAIDERIGRU, it crumbles to dust.
The scroll dissolves into smoke.
It was a scroll of fog.
The adder misses you. The goblin hits you but does no damage.
The adder bites you.
* * * LOW HITPOINT WARNING * * *
As you read the scroll labeled HICWED QEI, it crumbles to dust.
You feel aware of your surroundings.
It was a scroll of magic mapping.
The adder bites you but does no damage. The goblin barely misses you.
As you read the scroll labeled RIUGAWOFAR, it crumbles to dust.
You feel strangely unstable.
It was a scroll of teleportation.
The adder bites you.
* * * LOW HITPOINT WARNING * * *
The goblin hits you with a +0 club.
* * * LOW HITPOINT WARNING * * *
As you read the scroll labeled ROM BEIKERANOF, it crumbles to dust.
You hear a loud clanging noise!
It was a scroll of noise.
The adder bites you.
You die...

#..#.###.# ##...## #.
##.#.....# ##'## #.
#.#.##..# #.# ## ##..!#...#
#.# #..#!..#.# ##.##
##.##!#.#.# #####...##
#.....#.#.# #........#######
#.###.#..§###§###...........
#........§S@g§# ##.#########
##.......###### ###
#########


You could see an adder and a goblin.

Vanquished Creatures
  An adder (D:2)
  An ooze (D:1)
  A leopard gecko (D:1)
  An orc (D:2)
  A bat (D:2)
  2 giant cockroaches (D:1)
  3 goblins (D:1)
  5 hobgoblins
  2 frilled lizards
  A kobold (D:1)
  3 rats (D:1)
21 creatures vanquished.

Notes
Turn   | Place    | Note
-------+----------+-------------------------------------------
     0 | D:1      | DerDa the Mummy Wizard began the quest for the Orb.
     0 | D:1      | Reached XP level 1. HP: 13/13 MP: 5/5
   315 | D:1      | Reached XP level 2. HP: 19/19 MP: 0/7
   389 | D:1      | Reached skill level 1 in Conjurations
  1045 | D:2      | Reached skill level 5 in Spellcasting
  1049 | D:2      | Learned a level 2 spell: Blink
  1111 | D:2      | Reached XP level 3. HP: 24/24 MP: 4/9
  1413 | D:2      | Learned a level 3 spell: Conjure Flame
  1417 | D:2      | Learned a level 3 spell: Mephitic Cloud
  1428 | D:2      | Learned a level 2 spell: Call Imp
  1437 | D:2      | Noticed Robin
  1463 | D:2      | Found a burning altar of Makhleb.
  1481 | D:1      | HP: 1/24 [goblin/+0 club[Robin] (3)]
  1482 | D:1      | Slain by an adder

Levels and vault maps discovered:
D:1:      dpeg_arrival_more_subterranean_lakeside_camping, layout_loops_corners,
          minmay_tromino_mix6
D:2:      layout_basic, corexii_hall_statues_s, makhleb_heckhound_becter,
          uniq_robin

Skill      XL: |  1  2 |
---------------+-------+-----
Conjurations   | 1 |  1.2
Spellcasting   | 5 |  5.3
Dodging        | |  1.5
Stealth        | |  1.5
Summonings     | |  0.7
Translocations | |  0.7

Action                   || total
-------------------------++-------
 Cast: Magic Dart        ||    68
       Conjure Flame     ||     1
Evoke: Wand              ||     1
  Use: Scroll            ||     5
Armor: Robe              ||     5
Dodge: Dodged            ||    12

Table legend:
 A = Non-vault XP
 B = Vault XP
 C = Vault XP percentage of total XP
 D = Non-vault monster count
 E = Vault monster count
 F = Vault count percentage of total count
                 A         B        C        D         E       F
            +---------+---------+-------+---------+---------+-------
      Total |      42 |      12 |  22.2 |      17 |       4 |  19.0
            +---------+---------+-------+---------+---------+-------
        D:1 |      17 |      12 |  41.4 |      10 |       4 |  28.6
        D:2 |      25 |       0 |   0.0 |       7 |       0 |   0.0
            +---------+---------+-------+---------+---------+-------
